 Dungeon Crawl Stone Soup version 0.26-a0-1222-g14533b3512 (webtiles) character file.

Game seed: 824704514521452222

34 Sonofthefire the Sneak (level 3, -2/27 HPs)
             Began as an Octopode Delver on Dec 31, 2020.
             Slain by an orc
             ... wielding a +2 whip of venom
              (4 damage)
             ... on level 5 of the Dungeon.
             The game lasted 00:01:17 (364 turns).

Sonofthefire the Sneak (Octopode Delver)             Turns: 364, Time: 00:01:18

Health: -2/27      AC:  1    Str: 12    XL:     3   Next: 31%
Magic:  3/3        EV: 13    Int: 12    God:
Gold:   0          SH:  0    Dex: 13    Spells: 2/2 levels left

rFire    . . .     SeeInvis .   h - +0 mace
rCold    . . .     Faith    .   (no shield)
rNeg     . . .     Spirit   .   (helmet restricted)
rPois    .         Reflect  .   (no amulet)
rElec    .         Harm     .   (no ring)
rCorr    .         Rampage  .   (no ring)
Will     .....                  (no ring)
Stlth    ++++......             (no ring)
HPRegen  0.09/turn              (no ring)
MPRegen  0.08/turn              (no ring)
                                (no ring)
                                (no ring)

@: no status effects
A: almost no armour, stealthy swim, amphibious, 8 rings, constrict 8, camouflage
1, gelatinous body 1
a: no special abilities


You were on level 5 of the Dungeon.
You visited 1 branch of the dungeon, and saw 1 of its levels.

Inventory:

Hand Weapons
 h - a +0 mace (weapon)
Wands
 e - a wand of digging (3)
Scrolls
 a - a scroll of fog
 b - a scroll of magic mapping
 c - a scroll of fear
 f - 2 scrolls of noise {unknown}
Potions
 d - a potion of haste
 g - 2 potions of lignification {unknown}


   Skills:
 * Level 3.9 Fighting
 - Level 2.0 Dodging
 + Level 7.1 Stealth
 - Level 2.0 Unarmed Combat


You had 2 spell levels left.
You didn't know any spells.
Your spell library was empty.

Dungeon Overview and Level Annotations

Branches:
Dungeon (5/15)
 Temple: D:4-7

Altars:


Innate Abilities, Weirdness & Mutations

You cannot wear most types of armour.
You are very stealthy in the water. (Stealth+)
You are amphibious.
You can wear up to eight rings at the same time.
You can use your tentacles to constrict eight enemies at once.
Your skin changes colour to match your surroundings (Stealth+).
Your rubbery body absorbs attacks. (AC +1, EV +1)


Message History

You constrict the orc priest.
The orc priest mumbles some strange prayers to Beogh against you.
Beogh smites you!
Ouch! That really hurt!
* * * LOW HITPOINT WARNING * * *
You hear a shout!
You hit the orc priest. You squeeze the orc priest.
You kill the orc priest!
Your Stealth skill increases to level 7!
You have reached level 2!
You have reached level 3!
Your experience leads to an increase in your attributes!
Increase (S)trength, (I)ntelligence, or (D)exterity?
You feel stronger.
You see here a quarterstaff.
An orc comes into view. It is wielding a +0 trident.
The orc hits you with a +2 whip of venom.
* * * LOW HITPOINT WARNING * * *
The orc hits you with a +2 whip of venom.
You die...

#.#...# #......####.#
#.#...# #..#.........
#.#...# #..#.........
#.##### #..#...####.#
#.#######..#...####.
######o..................#
#.....).....[............Z
#.)....#...###.##.#......#
#......#o@.###.##.#......#
######....................
##.....##.##.#......#
#.....##.##)#.####.#
#........##.##.# # .#
#........##.##.# .#
#.....#####.##.######.#
#.....# #+##........#
####### #####....#


You could see 2 orcs.

Vanquished Creatures
  An orc priest (D:5)
  2 orcs (D:5)
3 creatures vanquished.

Notes
Turn   | Place    | Note
-------+----------+-------------------------------------------
     0 | D:5      | Sonofthefire the Octopode Delver began the quest for the
                  | Orb.
     0 | D:5      | Reached XP level 1. HP: 16/16 MP: 1/1
    58 | D:5      | Noticed an orc priest
   309 | D:5      | Noticed an orc priest
   315 | D:5      | Killed an orc priest
   316 | D:5      | Reached skill level 7 in Stealth
   316 | D:5      | Reached XP level 2. HP: 2/22 MP: 2/2
   316 | D:5      | Reached XP level 3. HP: 3/27 MP: 3/3
   364 | D:5      | Slain by an orc

Illustrated notes

Levels and vault maps discovered:
D:5:      layout_basic, kennysheep_mini

Skill      XL: |  1 |
---------------+----+-----
Stealth        | 7 |  7.1
Fighting       | |  3.9
Dodging        | |  2.0
Unarmed Combat | |  2.0

Action                   || total
-------------------------++-------
Melee: Unarmed           ||    10
       Tentacles         ||     6
       Constrict         ||     3
       Mace              ||     2
Dodge: Dodged            ||     3

Table legend: (Time is in decaauts)
 A = Elapsed time spent in this place.
 B = Non-inter-level travel time spent in this place.
 C = Inter-level travel time spent in this place.
 D = Time resting spent in this place.
 E = Time spent auto-exploring this place.
 F = Levels seen in this place.
 G = Mean time per level.
                   A        B        C        D        E       F      G
               +--------+--------+--------+--------+--------+-----+--------+
         Total |    364 |    364 |      0 |    192 |     10 |   1 |  364.0 |
       Dungeon |    364 |    364 |      0 |    192 |     10 |   1 |  364.0 |
               +--------+--------+--------+--------+--------+-----+--------+

Top non-repeatable levels by time:
     D:5: 364 daAuts
